 Dungeon Crawl Stone Soup version 0.31-a0-1620-gcbf77bbcfc (webtiles) character file.

Game seed: 7598622535675882169

2058 MacCMillion the Cleaver (level 9, -24/68 HPs)
             Began as a Formicid Fighter on Jan 11, 2024.
             Was a Follower of Okawaru.
             Annihilated by an orc warlord
             ... wielding a +3 broad axe
              (28 damage)
             ... in a bailey.
             The game lasted 00:10:02 (5198 turns).

MacCMillion the Cleaver (Formicid Fighter)          Turns: 5198, Time: 00:10:02

Health: -24/68     AC:  9    Str: 25    XL:     9   Next: 49%
Magic:  8/9        EV: 14    Int:  8    God:    Okawaru [*.....]
Gold:   346        SH:  5    Dex: 13    Spells: 8/8 levels left

rFire   + . .        a - +0 war axe
rCold   . . .        c - +0 buckler
rNeg    . . .        b - +0 scale mail
rPois   .            (helmet unavailable)
rElec   .            (no cloak)
rCorr   .            f - +0 pair of gloves
SInv    +            B - +0 pair of boots
Will    .....        w - amulet of the acrobat Stlth
                     e - ring of protection from fire
HPRegen 0.31/turn    r - +5 ring of evasion
MPRegen 0.11/turn

%: acrobat
@: mighty
A: permanent stasis, dig shafts and tunnels, antennae 3, four strong arms
a: Dig, Renounce Religion, Heroism


You were in a bailey.
You worshipped Okawaru.
Okawaru was aware of your devotion.
You visited 2 branches of the dungeon, and saw 8 of its levels.
You also visited: Bailey.

You collected 346 gold pieces.

Inventory:

Hand Weapons
 a - a +0 war axe (weapon)
 y - a +1 heavy war axe
Missiles
 g - 8 poisoned darts (quivered)
 F - 20 boomerangs
Armour
 b - a +0 scale mail (worn)
 c - a +0 buckler (worn)
 f - a +0 pair of gloves (worn)
 B - a +0 pair of boots (worn)
Jewellery
 d - an amulet of reflection
 e - a ring of protection from fire (left hand)
 p - a ring of magical power
 r - a +5 ring of evasion (right hand)
 u - a +6 ring of intelligence
 w - an amulet of the acrobat (around neck)
Wands
 C - a wand of flame (9)
 D - a wand of digging (7)
Scrolls
 i - a scroll of enchant weapon {unknown}
 j - 3 scrolls of blinking
 k - a scroll of noise {unknown}
 n - a scroll of enchant armour {unknown}
 q - a scroll of vulnerability {unknown}
 t - a scroll of immolation {unknown}
 v - a scroll of poison {unknown}
 x - 3 scrolls of fear {unknown}
 A - a scroll of silence {unknown}
 H - 2 scrolls of fog {unknown}
 J - a scroll of teleportation {unknown}
 K - a scroll of summoning {unknown}
Potions
 h - a potion of resistance
 l - 2 potions of degeneration
 m - a potion of lignification {unknown}
 o - 3 potions of invisibility
 s - a potion of curing {unknown}
 z - 2 potions of mutation {unknown}
 E - a potion of haste {unknown}
 I - a potion of brilliance {unknown}
 L - a potion of magic {unknown}


   Skills:
 + Level 5.4 Fighting
 + Level 10.7 Axes
 + Level 5.4 Armour
 - Level 4.0 Shields


You had 8 spell levels left.
You didn't know any spells.
Your spell library contained the following spells:

 Spells                   Type           Power      Damage    Failure   Level
 Foxfire                  Conj/Fire      0%         2x1d4     75%         1
 Sandblast                Erth           0%         2d4       75%         1
 Passwall                 Erth           0%         N/A       98%         3
 Stone Arrow              Conj/Erth      0%         3d7       98%         3
 Brom's Barrelling Bould  Conj/Erth      0%         2d3       100%        4
 Plasma Beam              Fire/Air       0%         2x1d10    100%        6
 Starburst                Conj/Fire      0%         6d3       100%        6
 Summon Small Mammal      Summ           Unusable   N/A       N/A         1
 Call Canine Familiar     Summ           Unusable   N/A       N/A         3
 Summon Blazeheart Golem  Fire/Summ      Unusable   N/A       N/A         4

Dungeon Overview and Level Annotations

Branches:
Dungeon (8/15)             Temple (1/1) D:7          Bailey (1/1)
   Lair: D:8-11

Altars:
Ashenzari
Cheibriados
Dithmenos
Elyvilon
Fedhas
Gozag
Hepliaklqana
Kikubaaqudgha
Makhleb
Nemelex Xobeh
Okawaru
Qazlal
Ru
Trog
Uskayaw
Vehumet
Wu Jian
Xom
Yredelemnul
Zin

Shops:
D:1 :

Annotations:
D:5 Prince Ribbit


Innate Abilities, Weirdness & Mutations

You cannot be hasted, slowed, berserked, paralysed or teleported.
You can dig through walls and to a lower floor.
You have a pair of large antennae on your head. (SInv)
Your four strong arms can wield two-handed weapons with a shield.


Message History

You hit the orc warrior but do no damage.
You block the orc warlord's attack.
The orc warrior hits you with a +0 hand axe!
You slash the orc warlord!
The orc warlord is lightly wounded.
The orc warlord hits you with a +3 broad axe!
You completely miss the orc warlord.
The orc warlord is lightly wounded.
You barely miss the orc warlord.
The orc warlord is lightly wounded.
The orc warlord hits you but does no damage.
You slash the orc warlord!
The orc warlord is moderately wounded.
The orc warlord misses you.
You hit the orc warlord.
The orc warlord is moderately wounded.
You feel like a meek peon again.
The orc warlord hits you with a +3 broad axe!
You slash the orc warlord!
The orc warlord is moderately wounded.
The orc warlord hits you with a +3 broad axe.
You closely miss the orc warlord.
The orc warlord is moderately wounded.
The orc warrior hits you with a +0 hand axe!
The orc warlord hits you with a +3 broad axe!!
* * * LOW HITPOINT WARNING * * *
You hit the orc warlord but do no damage.
The orc warlord is moderately wounded.
You closely miss the orc warrior. The orc warrior barely misses you.
You barely miss the orc warlord.
The orc warlord is moderately wounded.
You slash the orc warrior!
You kill the orc warrior!
Okawaru accepts your kill.
You can now gain great but temporary skills.
You block the orc warlord's attack.
You closely miss the orc warlord.
The orc warlord is moderately wounded.
The orc warlord hits you with a +3 broad axe!!
You die...

8...##~~~~~##.......##
.....#~~~~~#...8..8..##
.....#~~~~~#..........#
8..)÷'.....'..........#
...#########......8...#
..##~~~#~~~####......##
..#~|.....~#~~#.....##
..#~!........~#.o..##
÷.##8.8...8.8~##@..#
...#.........~~)...#
...#....∩....~~'...#
...#.........~~'...#
..##8.8...8.8~##...#
..#~!........~#....##
..#~}.....~#~~#.....##
.÷##~~~#~~~####......##
..÷#########.))...8...#


You could see an orc warlord.

Vanquished Creatures
  An acid dragon (D:7)
  3 orc warriors (Bailey)
  2 ice beasts
  A sky beast (D:7)
  2 ogres
  3 phantoms
  A kobold brigand (D:7)
  A bullfrog (D:7)
  3 scorpions
  A bombardier beetle (D:3)
  3 iron imps (D:5)
  2 jellies (D:5)
  A gnoll bouda (D:7)
  2 hounds
  An iguana (D:5)
  Natasha (thrice) (D:3)
  3 orc wizards
  4 gnolls (D:7)
  7 adders
  A white imp (D:7)
  2 ufetubi (D:7)
  2 dart slugs
  2 ribbon worms
  12 orcs
  9 bats
  5 endoplasms
  2 giant cockroaches
  15 goblins
  12 hobgoblins
  4 jackals (D:4)
  6 quokkas (D:1)
  5 ball pythons
  5 frilled lizards
  20 kobolds
  7 rats
153 creatures vanquished.

Notes
Turn   | Place    | Note
-------+----------+-------------------------------------------
     0 | D:1      | MacCMillion the Formicid Fighter began the quest for the
                  | Orb.
     0 | D:1      | Reached XP level 1. HP: 18/18 MP: 1/1
   165 | D:1      | Reached XP level 2. HP: 24/24 MP: 2/2
   170 | D:1      | Found Jynita Dutsa's Book Shop.
   237 | D:1      | Reached skill level 3 in Axes
   291 | D:1      | Found a faded altar of an unknown god.
   434 | D:1      | Reached XP level 3. HP: 29/29 MP: 3/3
   802 | D:2      | Reached skill level 4 in Axes
   802 | D:2      | Reached XP level 4. HP: 35/35 MP: 4/4
  1510 | D:3      | Reached XP level 5. HP: 21/41 MP: 5/5
  1841 | D:3      | Noticed Natasha
  1859 | D:3      | Killed Natasha
  1860 | D:3      | Reached skill level 5 in Axes
  1892 | D:3      | Noticed Natasha
  1902 | D:3      | Killed Natasha
  1929 | D:3      | Noticed Natasha
  1934 | D:3      | Killed Natasha
  2088 | D:3      | Reached skill level 6 in Axes
  2088 | D:3      | Reached XP level 6. HP: 46/47 MP: 6/6
  2452 | D:4      | Found a blossoming altar of Fedhas.
  2556 | D:4      | Found a snail-covered altar of Cheibriados.
  2627 | D:4      | Reached skill level 7 in Axes
  2627 | D:4      | Reached XP level 7. HP: 49/52 MP: 7/7
  3090 | D:5      | Entered Level 5 of the Dungeon
  3243 | D:5      | Reached skill level 8 in Axes
  3446 | D:5      | Found a burning altar of Makhleb.
  3507 | D:5      | Reached XP level 8. HP: 50/58 MP: 8/8
  3643 | D:5      | Found a broken altar of Ashenzari.
  3753 | D:5      | Reached skill level 9 in Axes
  3908 | D:5      | Found an opulent altar of Gozag.
  3986 | D:5      | Noticed Prince Ribbit
  4015 | D:5      | You fall into a shaft and drop 3 floors!
  4320 | D:7      | Reached skill level 10 in Axes
  4347 | D:7      | Found a staircase to the Ecumenical Temple.
  4391 | D:7      | Reached XP level 9. HP: 65/65 MP: 9/9
  4396 | Temple   | Entered the Ecumenical Temple
  4416 | Temple   | Became a worshipper of Warmaster Okawaru
  4706 | D:7      | Found a flagged portal.
  4718 | Bailey   | Entered a bailey
  4723 | Bailey   | Noticed an orc warlord
  4855 | Bailey   | Reached skill level 5 in Fighting
  4855 | Bailey   | Reached skill level 5 in Armour
  4856 | Bailey   | Reached * piety under Okawaru
  5083 | Bailey   | Found a runed translucent gate.
  5085 | Bailey   | Found a runed translucent gate.
  5086 | Bailey   | Found a runed translucent gate.
  5195 | Bailey   | HP: 3/68 [orc warlord/+3 broad axe (19)]
  5198 | Bailey   | Annihilated by an orc warlord

Illustrated notes

Levels and vault maps discovered:
D:1:      dpeg_arrival_rooms_a, layout_rooms,
          chequers_ecumenical_altar_simple_redux, serial_shops, shop
D:2:      layout_loops_cross, minmay_misc_feat_tiny
D:3:      layout_rooms, uniq_natasha
D:4:      layout_loops_ring, mainiacjoe_overflow_large_starburst
D:5:      layout_basic, demons_altar, cheibrodos_ashenzari_chains,
          kennysheep_mini_moat, minmay_between, uniq_prince_ribbit1
D:7:      layout_loops_ring, minmay_temple_entry_junction_2, enter_bailey_3,
          serial_library_hellmonk_open_square, grunt_decor_fettered,
          minmay_fountain_box
D:8:      layout_basic, mainiacjoe_overflow_cross_hatched, uniq_psyche
Temple:   bh_familiar_temple
Bailey:   bailey_axe_bossmonster_kennysheep, bailey

Skill      XL: |  1  2  3  4  5  6  7  8  9 |
---------------+----------------------------+-----
Axes           | 3 4 6 7 8 10 | 10.7
Fighting       | 4 5 |  5.4
Armour         | 4 5 |  5.4
Shields        | |  4.0

Action                     |  1- 3 |  4- 6 |  7- 9 || total
---------------------------+-------+-------+-------++-------
  Melee: War axe           |    71 |   175 |   260 ||   506
  Throw: Dart              |       |       |     6 ||     6
 Invoke: Heroism           |       |       |     1 ||     1
Ability: Shaft Self        |       |       |     1 ||     1
         Dig               |       |       |     2 ||     2
    Use: Scroll            |       |       |     4 ||     4
         Potion            |       |       |     2 ||     2
 Armour: Scale mail        |    52 |    77 |   124 ||   253
  Dodge: Dodged            |    33 |   103 |   182 ||   318
  Block: Buckler           |    17 |    41 |    54 ||   112

Table legend: (Time is in decaauts)
 A = Elapsed time spent in this place.
 B = Non-inter-level travel time spent in this place.
 C = Inter-level travel time spent in this place.
 D = Time resting spent in this place.
 E = Time spent auto-exploring this place.
 F = Levels seen in this place.
 G = Mean time per level.
                   A        B        C        D        E       F      G
               +--------+--------+--------+--------+--------+-----+--------+
         Total |   5288 |   5101 |    187 |   1094 |   2391 |   9 |  587.6 |
       Dungeon |   4766 |   4596 |    170 |    917 |   2296 |   7 |  680.9 |
        Temple |     38 |     21 |     17 |      0 |      0 |   1 |   38.0 |
        Bailey |    482 |    482 |      0 |    177 |     95 |   1 |  482.0 |
               +--------+--------+--------+--------+--------+-----+--------+

Top non-repeatable levels by time:
     D:4: 1036 daAuts
     D:2: 863 daAuts
     D:5: 828 daAuts
     D:3: 749 daAuts
     D:1: 620 daAuts
  Bailey: 482 daAuts
     D:7: 395 daAuts
     D:8: 271 daAuts
  Temple: 38 daAuts
